 Dungeon Crawl Stone Soup version 0.19.0-19-g8c6edcc (webtiles) character file.

1587 HungrySpirit the Cleaver (level 8, -5/64 HPs)
             Began as a Mummy Gladiator on Nov 13, 2016.
             Slain by a wight
             ... wielding a cursed +5 trident of freezing
              (8 damage)
             ... on level 6 of the Dungeon.
             The game lasted 00:06:59 (5343 turns).

HungrySpirit the Cleaver (Mummy Gladiator)          Turns: 5343, Time: 00:06:59

Health: -5/64      AC: 10    Str: 21    XL:     8   Next: 61%
Magic:  8/8        EV: 12    Int:  7    God:
Gold:   198        SH:  0    Dex: 12    Spells: 0 memorised, 7 levels left

rFire  . . .     SeeInvis .     a - +0 war axe
rCold  + . .     Gourm    .     i - +1 leather armour {rF+}
rNeg   + + +     Faith    .     (no shield)
rPois  ∞         Spirit   .     c - +0 helmet
rElec  .         Reflect  .     p - +0 cloak
rCorr  .         Harm     .     (no gloves)
MR     +....                    (no boots)
Stlth  +.........               (no amulet)
                                (no ring)
                                g - +4 ring of protection

@: no status effects
A: no food or potions, fire vulnerability, cold resistance 1, negative energy
resistance 3, torment resistance, unbreathing
a: no special abilities


You were on level 6 of the Dungeon.
You were not hungry.

You visited 1 branch of the dungeon, and saw 6 of its levels.

You collected 228 gold pieces.
You spent 30 gold pieces at shops.

Inventory:

Hand Weapons
 a - a +0 war axe (weapon)
Missiles
 d - 3 throwing nets (quivered)
Armour
 c - a +0 helmet (worn)
 i - a +1 leather armour of fire resistance (worn)
 n - a +0 shield
 p - a +0 cloak (worn)
Jewellery
 g - a +4 ring of protection (left hand)
 m - a cursed ring of loudness {unknown}
 r - an uncursed ring of positive energy {unknown}
Wands
 q - a wand of teleportation (4/9)
Scrolls
 b - 2 scrolls of teleportation {unknown}
 e - a scroll of fear {unknown}
 f - 2 scrolls of remove curse {unknown}
 h - 2 scrolls of noise {unknown}
 j - 2 scrolls of identify {unknown}
 k - 2 scrolls of fog
 l - a scroll of enchant armour {unknown}
 o - a scroll of recharging {unknown}


   Skills:
 + Level 6.3 Fighting
 * Level 8.0 Axes
 - Level 1.5 Throwing
 - Level 2.4 Dodging


You had 7 spell levels left.
You didn't know any spells.

Dungeon Overview and Level Annotations

Branches:
Dungeon (6/15)
 Temple: D:4-7

Altars:
Cheibriados
Fedhas
Hepliaklqana
Okawaru
Uskayaw
Xom

Shops:
D:5 *

Annotations:
D:2 exclusion: oklob plant


Innate Abilities, Weirdness & Mutations

You do not eat or drink.
Your flesh is vulnerable to fire.
You are immune to poison.
Your flesh is cold resistant. (rC+)
You are immune to negative energy. (rN+++)
You are immune to unholy pain and torment.
You can survive without breathing.


Message History

The wight is moderately damaged.
The wight closely misses you.
You hit the wight.
The wight is heavily damaged.
The wight hits you with a trident of freezing.
* * * LOW HITPOINT WARNING * * *
You hit the wight but do no damage.
The wight is heavily damaged.
The wight hits you with a trident of freezing!
* * * LOW HITPOINT WARNING * * *
The wight freezes you.
* * * LOW HITPOINT WARNING * * *
You closely miss the wight.
The wight is heavily damaged.
The wight hits you with a trident of freezing.
* * * LOW HITPOINT WARNING * * *
You hit the wight but do no damage.
The wight is heavily damaged.
The wight hits you with a trident of freezing!
You die...

....... #####....... ####
......##.... ... ###.....# #..
. #.....# #.#####. #.....###
##### #.##.##. #......)#####
...#####.##.#..
##.####......#####.##.^..##....
###..# ## #..@z##....#......>.
.##.## ####.........†##....
....###### ###..####..>.....
.........# ####..........#...
.#######.# ##...<#.....#..#...
.# #.######..#####....#.....≈
## #......†..# #....#.##... ###
#.........# #....#.##... ..#
#..................#.##.#.


You could see a wight.

Vanquished Creatures
  Pikel (D:4)
  Grinder (D:4)
  A sky beast (D:6)
  An ice beast (D:5)
  A centaur (D:6)
  A bullfrog (D:6)
  2 scorpions
  A wight (D:6)
  A crimson imp (D:3)
  A hound (D:4)
  Crazy Yiuf (D:5)
  3 orc wizards
  Natasha (thrice) (D:4)
  An iguana (D:3)
  2 worker ants (D:4)
  A gnoll (D:1)
  5 adders
  A shadow imp (D:5)
  2 oozes (D:1)
  An adder skeleton (D:4)
  A worm (D:3)
  A dart slug (D:1)
  3 leopard geckos
  9 orcs
  10 bats
  6 giant cockroaches
  11 goblins
  15 hobgoblins
  4 jackals
  4 quokkas
  A ball python (D:3)
  4 frilled lizards
  A jackal zombie (D:6)
  5 kobolds
  6 rats
112 creatures vanquished.

Vanquished Creatures (others)
  An orc priest (D:4)
  4 orcs
  4 fungi (D:2)
9 creatures vanquished.

Grand Total: 121 creatures vanquished

Notes
Turn   | Place    | Note
-------+----------+-------------------------------------------
     0 | D:1      | HungrySpirit the Mummy Gladiator began the quest for the Orb.
     0 | D:1      | Reached XP level 1. HP: 16/16 MP: 1/1
    81 | D:1      | Reached XP level 2. HP: 18/22 MP: 2/2
   142 | D:1      | Reached skill level 3 in Axes
   326 | D:1      | Reached XP level 3. HP: 23/28 MP: 3/3
  1392 | D:2      | Found a blossoming altar of Fedhas.
  1837 | D:2      | Reached XP level 4. HP: 34/34 MP: 4/4
  1838 | D:2      | Noticed an oklob plant
  2473 | D:3      | Reached skill level 4 in Axes
  2566 | D:4      | Found a snail-covered altar of Cheibriados.
  2855 | D:3      | Reached XP level 5. HP: 11/41 MP: 5/5
  3298 | D:4      | Reached skill level 5 in Axes
  3298 | D:4      | Reached XP level 6. HP: 35/48 MP: 6/6
  3363 | D:4      | Found an iron altar of Okawaru.
  3444 | D:4      | Noticed Grinder
  3577 | D:4      | Noticed Natasha
  3581 | D:4      | Killed Natasha
  3606 | D:4      | Noticed Natasha
  3612 | D:4      | Killed Natasha
  3773 | D:4      | Noticed Natasha
  3778 | D:4      | Killed Natasha
  3826 | D:4      | Killed Grinder
  3826 | D:4      | Reached skill level 6 in Axes
  3826 | D:4      | Reached XP level 7. HP: 33/55 MP: 7/7
  4046 | D:4      | Found a hazy altar of Hepliaklqana.
  4047 | D:4      | Found a shimmering altar of Xom.
  4048 | D:4      | Noticed a spectral ugly thing
  4135 | D:5      | Entered Level 5 of the Dungeon
  4135 | D:5      | Noticed Pikel
  4175 | D:4      | Killed Pikel
  4175 | D:4      | Reached skill level 5 in Fighting
  4175 | D:4      | Reached skill level 7 in Axes
  4175 | D:4      | Reached XP level 8. HP: 27/63 MP: 8/8
  4589 | D:5      | Found Fhosh's Fabulous Fripperies.
  4628 | D:5      | Bought a scroll of fog for 30 gold pieces
  4845 | D:5      | Found a hide-covered altar of Uskayaw.
  4984 | D:5      | Found a runed door.
  4988 | D:5      | Noticed Crazy Yiuf
  4992 | D:5      | Killed Crazy Yiuf
  5332 | D:6      | Reached skill level 8 in Axes
  5342 | D:6      | HP: 3/64 [wight/trident of freezing (2)]
  5343 | D:6      | Slain by a wight

Skill      XL: |  1  2  3  4  5  6  7  8 |
---------------+-------------------------+-----
Axes           | 3 4 5 6 7 8 |  8.0
Fighting       | 3 4 5 6 |  6.3
Throwing       | |  1.5
Dodging        | |  2.4

Action                   |  1- 3 |  4- 6 |  7- 9 || total
-------------------------+-------+-------+-------++-------
Melee: War axe           |   116 |   202 |   144 ||   462
 Stab: Sleeping          |       |     1 |       ||     1
Armor: Leather armour    |    35 |    75 |    59 ||   169
Dodge: Dodged            |    83 |   124 |    82 ||   289
